 Dungeon Crawl Stone Soup version 0.30.1-9-gdf580d7c3d (webtiles) character file.

Game seed: 8952347164452788504

9 101zpm the Magician (level 2, -1/21 HPs)
             Began as a Djinni Fire Elementalist on Sept 25, 2023.
             Slain by a howler monkey (4 damage)
             ... on level 3 of the Dungeon.
             The game lasted 00:02:19 (288 turns).

101zpm the Magician (Djinni Fire Elementalist)       Turns: 288, Time: 00:02:21

Health: -1/21      AC:  2    Str:  7    XL:     2   Next: 20%
Gold:   10         EV: 12    Int: 16    God:
                   SH:  0    Dex: 13

rFire   + + .        (no weapon)
rCold   x . .        (no shield)
rNeg    . . .        a - +0 robe
rPois   ∞            (no helmet)
rElec   .            (no cloak)
rCorr   .            (no gloves)
SInv    .            (boots unavailable)
Will    .....        (no amulet)
Stlth   ++           (no ring)
HPRegen 0.23/turn    (no ring)
MPRegen 0.00/turn

%: infuse magic (-2 HP)
@: weak-willed, flying
A: sickness immunity, fire resistance 2, cold vulnerability 1, float, innate
caster, HP casting, extra vitality 1
a: no special abilities


You were on level 3 of the Dungeon.
You visited 1 branch of the dungeon, and saw 4 of its levels.

You collected 10 gold pieces.

Inventory:

Hand Weapons
 d - the +9 dagger of the Eternal Void {heavy, rN++ Will- Dex+6}
   (You found it on level 3 of the Dungeon)

   Dex:       It affects your dexterity (+6).
   rN:        It greatly protects you from negative energy.
   Will:      It decreases your willpower.
Armour
 a - a +0 robe (worn)
Potions
 b - a potion of curing {unknown}
 e - a potion of attraction {unknown}
 g - a potion of might {unknown}


   Skills:
 + Level 2.3 Dodging
 + Level 1.6 Stealth
 + Level 2.7 Spellcasting


You knew the following spells:

 Your Spells              Type           Power      Damage    Failure   Level
a - Foxfire               Conj/Fire      44%        2x1d6     6%          1
b - Scorch                Fire           22%        2d5       10%         2
c - Volatile Blastmotes   Fire/Tloc      22%        2d11      19%         3
d - Inner Flame           Hex/Fire       11%        N/A       19%         3
e - Flame Wave            Conj/Fire      11%        2d6       52%         4
Your spell library was empty.

Dungeon Overview and Level Annotations

Branches:
Dungeon (4/15)
 Temple: D:4-7

Altars:


Innate Abilities, Weirdness & Mutations

You are immune to sickness and miasma.
You are immune to poison.
Your flesh is very heat resistant. (rF++)
You are vulnerable to cold. (rC-)
You float through the air rather than walking.
You learn spells naturally, not from books.
Your magical power is your life essence.
You have superior vitality. (+4 MHP)


Message History

You hear a shout!
Your foxfire dissipates!
A howler monkey comes into view.
Casting: Scorch (safe; 10% risk of failure)
Confirm with . or Enter, or press ? or * to list all spells.
Flames lash the orc.
The orc is burned terribly!
You kill the orc!
You hear a shout!
An adder comes into view.
An orc comes into view. It is wielding a +0 dagger.
The howler monkey hits you.
You fly upwards.
There is a stone staircase leading down here.
You conjure some foxfire!
The howler monkey barely misses you.
Casting: Foxfire (safe; 6% risk of failure)
Confirm with . or Enter, or press ? or * to list all spells.
Flames lash the howler monkey.
The howler monkey is lightly wounded.
The howler monkey's fire resistance burns away.
You hear a shout!
The foxfire hits the howler monkey!
The howler monkey is burned terribly!
The howler monkey is heavily wounded.
The foxfire hits the howler monkey.
The howler monkey is burned terribly!
The howler monkey is severely wounded.
The howler monkey hits you!
* * * LOW HITPOINT WARNING * * *
You are too injured to fight recklessly!
Casting: Foxfire (safe; 6% risk of failure)
Press: ? - help, Q - select action, (/) - cycle Dir - look around, f - activate You conjure some foxfire!
* * * LOW HITPOINT WARNING * * *
The howler monkey hoots and howls with incredible vigour!
You hear a bark! x2; You hear a shout!
Your foxfire dissipates!
The howler monkey attacks as you move away!
The howler monkey completely misses you.
The foxfire hits the howler monkey but does no damage.
The howler monkey is severely wounded.
The howler monkey hits you.
You die...

####### .......
....... ....... .....
... #########.#
.......@h.#######
########........#
#.######.# #.# .#
#.######.# .######
#..)...#.######.:.....
#.........########
##..#####........#
##..####..#####.##


You could see a howler monkey (catching breath, combustible).

Vanquished Creatures
  An orc (D:4)
  2 bats (D:1)
  A goblin (D:3)
  A hobgoblin (D:2)
  A ball python (D:3)
  A kobold (D:3)
7 creatures vanquished.

Vanquished Creatures (others)
  30 foxfires
30 creatures vanquished.

Grand Total: 37 creatures vanquished

Notes
Turn   | Place    | Note
-------+----------+-------------------------------------------
     0 | D:1      | 101zpm the Djinni Fire Elementalist began the quest for the
                  | Orb.
     0 | D:1      | 101zpm set off with the following spells memorised:
                  | Foxfire, Scorch, Volatile Blastmotes, Inner Flame, Flame
                  | Wave.
     0 | D:1      | Reached XP level 1. HP: 15/15 MP: 0/0
   216 | D:3      | Identified the +9 dagger of the Eternal Void {heavy, rN++
                  | Will- Dex+6}
   231 | D:3      | Reached XP level 2. HP: 17/21 MP: 0/0
   281 | D:4      | Noticed a howler monkey
   288 | D:3      | Slain by a howler monkey

Illustrated notes

Levels and vault maps discovered:
D:1:      eino_arrival_cavern_e, layout_basic,
          ebering_ecumenical_altar_abandoned, dreamdust_princess_corridor
D:2:      layout_loops_ring, serial_shops, nicolae_shop_bloodbath_and_beyond
D:3:      layout_basic, grunt_decor_cap, uniq_grinder
D:4:      layout_loops_ring, enter_ossuary_3, uniq_robin

Action                     || total
---------------------------++-------
  Melee: Unarmed           ||     8
   Cast: Foxfire           ||    24
         Scorch            ||     4
    Use: Scroll            ||     2
 Armour: Robe              ||    10
  Dodge: Dodged            ||    19
